 Dungeon Crawl Stone Soup version 0.27.0-1-g7a089689b8 (webtiles) character file.

Game seed: 5571780105494019629

668 robertstho the Magician (level 7, -5/50 HPs)
             Began as a Djinni Fire Elementalist on Aug 16, 2021.
             Killed from afar by Sigmund (6 damage)
             ... with a magic dart
             ... on level 4 of the Dungeon.
             The game lasted 00:06:01 (5873 turns).

robertstho the Magician (Djinni Fire Elementalist)  Turns: 5873, Time: 00:06:02

Health: -5/50      AC:  2    Str:  7    XL:     7   Next: 88%
Gold:   218        EV: 12    Int: 19    God:
                   SH:  0    Dex: 13

rFire    + + .     SeeInvis .   k - +2 dagger (venom)
rCold    x . .     Faith    .   (no shield)
rNeg     . . .     Spirit   .   a - +0 robe
rPois    ∞         Reflect  .   (no helmet)
rElec    .         Harm     .   (no cloak)
rCorr    .         Rampage  .   (no gloves)
Will     .....                  (boots unavailable)
Stlth    ++........             (no amulet)
HPRegen  0.16/turn              (no ring)
MPRegen  0.00/turn              (no ring)

@: flying, very slightly contaminated
A: sickness immunity, fire resistance 2, cold vulnerability 1, float, innate
caster, hp casting, extra vitality 1
a: no special abilities


You were on level 4 of the Dungeon.
You visited 1 branch of the dungeon, and saw 4 of its levels.

You collected 218 gold pieces.

Inventory:

Hand Weapons
 b - a +0 dagger
 k - a +2 dagger of venom (weapon)
Armour
 a - a +0 robe (worn)
Scrolls
 c - a scroll of enchant armour
 g - a scroll of magic mapping {unknown}
 j - 2 scrolls of enchant weapon {unknown}
 l - a scroll of silence {unknown}
 m - a scroll of fear
Potions
 d - 2 potions of invisibility
 f - a potion of ambrosia {unknown}
 h - a potion of haste {unknown}
 i - a potion of might


   Skills:
 * Level 3.0 Fighting
 + Level 2.7 Dodging
 + Level 2.0 Stealth
 * Level 5.9 Spellcasting


You couldn't memorise any spells.
You knew the following spells:

 Your Spells              Type           Power      Damage    Failure   Level
a - Foxfire               Conj/Fire      100%       2x1d9     1%          1
b - Conjure Flame         Conj/Fire      28%        6-21      3%          3
c - Inner Flame           Hex/Fire       28%        N/A       3%          3
d - Sticky Flame          Conj/Fire      28%        2d5       10%         4
e - Fireball              Conj/Fire      14%        3d8       28%         5
f - Apportation           Tloc           56%        N/A       1%          1
g - Searing Ray           Conj           56%        3d5       1%          2
h - Passwall              Tmut/Erth      23%        N/A       1%          2
Your spell library was empty.

Dungeon Overview and Level Annotations

Branches:
Dungeon (4/15)
 Temple: D:4-7

Altars:

Annotations:
D:4 Sigmund


Innate Abilities, Weirdness & Mutations

You are immune to sickness and miasma.
You are immune to poison.
Your flesh is very heat resistant. (rF++)
You are vulnerable to cold. (rC-)
You float through the air rather than walking.
You learn spells naturally, not from books.
Your magical power is your life essence.
You have superior vitality. (+4 HP)


Message History

Casting: Foxfire (safe; 1% risk of failure)
Press: ? - help, Q - select action, (/) - cycle Dir - look around, f - activate You conjure some foxfire!
Unknown command.
Casting: Foxfire (safe; 1% risk of failure)
Press: ? - help, Q - select action, (/) - cycle Dir - look around, f - activate You conjure some foxfire!
The foxfire hits something. x2
You hear a zap.
A puff of flame appears from out of thin air!
The puff of flame hits you. You resist.
Casting: Foxfire (safe; 1% risk of failure)
Press: ? - help, Q - select action, (/) - cycle Dir - look around, f - activate You conjure some foxfire!
Something hits you!
Unknown command.
Casting: Foxfire (safe; 1% risk of failure)
Press: ? - help, Q - select action, (/) - cycle Dir - look around, f - activate You conjure some foxfire!
The foxfire hits something but does no damage.
The foxfire hits something. x2
You hear a zap.
A puff of flame appears from out of thin air!
The puff of flame hits you. You resist.
Unknown command.
Casting: Foxfire (safe; 1% risk of failure)
Confirm with . or Enter, or press ? or * to list all spells.
The spell is quite dangerous to cast (28% risk of failure)!
Continue anyway?
Aiming: Fireball (quite dangerous; 28% risk of failure)
Press: ? - help, Shift-Dir - straight line You miscast Fireball.
You are very lightly contaminated with residual magic.
You are caught in a violent explosion!
* * * LOW HITPOINT WARNING * * *
x2 The foxfire hits something. x2; Something hits you!
* * * LOW HITPOINT WARNING * * *
The foxfire hits something.
A magic dart appears from out of thin air!
The magic dart hits you.
You die...

#.#.# #. #.#.# ... #.#.#
##+##.# #.#.#
##...#.#####.#.# #
##.........>.{#§##.##
#.......## ##..§...#
.........####...##.#####
.........'.....§@.......
.........##.....[.......
#.......###.##.#.#.##.##
##.....## #.####.#.#
##...## #.# ... # ##'##
#.# #... #.# #.# #.###
#.# #.. ..# ##.## ###


There were no monsters in sight!

Vanquished Creatures
  An ice beast (D:3)
  3 kobold brigands (D:3)
  A scorpion (D:3)
  2 orc priests (D:3)
  An orc wizard (D:3)
  12 gnolls (D:3)
  2 adders
  A dart slug (D:4)
  2 orcs (D:3)
  5 endoplasms
  2 giant cockroaches
  6 goblins
  8 hobgoblins
  2 jackals (D:1)
  37 kobolds
  A quokka (D:1)
  10 ball pythons
  7 bats
  A frilled lizard (D:1)
  8 rats
112 creatures vanquished.

Vanquished Creatures (collateral kills)
  8 foxfires (D:2)
8 creatures vanquished.

Vanquished Creatures (others)
  2 demonic plants (D:2)
  514 foxfires
  A fungus (D:2)
  A plant (D:2)
  2 withered plants (D:2)
520 creatures vanquished.

Grand Total: 640 creatures vanquished

Notes
Turn   | Place    | Note
-------+----------+-------------------------------------------
     0 | D:1      | robertstho the Djinni Fire Elementalist began the quest for
                  | the Orb.
     0 | D:1      | Reached XP level 1. HP: 15/15 MP: 0/0
   314 | D:1      | Reached XP level 2. HP: 12/21 MP: 0/0
  1318 | D:1      | Reached skill level 3 in Spellcasting
  1318 | D:1      | Reached XP level 3. HP: 24/26 MP: 0/0
  1318 | D:1      | Learned a level 1 spell: Apportation
  2136 | D:2      | Reached skill level 1 in Fighting
  2362 | D:2      | Found a faded altar of an unknown god.
  2557 | D:2      | Reached XP level 4. HP: 29/32 MP: 0/0
  3359 | D:3      | Reached XP level 5. HP: 31/37 MP: 0/0
  3359 | D:3      | Learned a level 2 spell: Searing Ray
  3425 | D:3      | Noticed a kobold brigand
  3435 | D:3      | Killed a kobold brigand
  3436 | D:3      | Reached skill level 4 in Spellcasting
  3758 | D:3      | Reached XP level 6. HP: 35/42 MP: 0/0
  4102 | D:3      | Reached skill level 5 in Spellcasting
  4102 | D:3      | Reached XP level 7. HP: 38/49 MP: 0/0
  4102 | D:3      | Learned a level 2 spell: Passwall
  5862 | D:4      | Noticed Sigmund
  5872 | D:4      | HP: 1/50 [something (10)]
  5873 | D:4      | Killed from afar by Sigmund

Illustrated notes

Levels and vault maps discovered:
D:1:      dpeg_cavernosity, layout_loops_ring
D:2:      layout_rooms, shapermc_ecumenical_altar_gd
D:3:      minmay_goblin_kobold_castle, layout_loops_ring
D:4:      layout_loops_corners, chequers_ossuary_entry_cave, uniq_sigmund

Skill      XL: |  1  2  3  4  5  6  7 |
---------------+----------------------+-----
Spellcasting   | 3 4 5 |  5.9
Fighting       | 1 2 3 |  3.0
Stealth        | 2 |  2.0
Dodging        | |  2.7

Action                   |  1- 3 |  4- 6 |  7- 9 || total
-------------------------+-------+-------+-------++-------
Melee: Dagger            |     4 |       |     8 ||    12
 Cast: Foxfire           |   102 |   123 |    78 ||   303
       Sticky Flame      |       |       |     2 ||     2
  Use: Scroll            |       |       |     4 ||     4
Armor: Robe              |     1 |     1 |     2 ||     4
Dodge: Dodged            |     8 |    12 |    12 ||    32
